 Dungeon Crawl Stone Soup version 0.30-a0-883-g5ad918d77d (webtiles) character file.

Game seed: 9596092416773869646

490 krest the Poker (level 6, -3/52 HPs)
             Began as a Minotaur Gladiator on Mar 16, 2023.
             Killed by divine providence
             ... invoked by an orc priest
              (17 damage)
             ... on level 5 of the Dungeon.
             The game lasted 00:04:43 (3323 turns).

krest the Poker (Minotaur Gladiator)                Turns: 3323, Time: 00:04:44

Health: -3/52      AC:  5    Str: 26    XL:     6   Next: 90%
Magic:  5/5        EV: 12    Int:  5    God:
Gold:   269        SH:  0    Dex: 12    Spells: 5/5 levels left

rFire   . . .      SeeInvis .    a - +0 trident
rCold   . . .      Faith    .    (no shield)
rNeg    . . .      Spirit   .    p - +0 ring mail
rPois   .          Reflect  .    c - +0 hat
rElec   .          Rampage  .    (no cloak)
rCorr   .                        (no gloves)
Will    .....                    (no boots) Stlth
                                 (no amulet)
HPRegen 0.28/turn                o - +6 ring of strength
MPRegen 0.09/turn                (no ring)

@: confused
A: horns 2, retaliatory headbutt
a: no special abilities


You were on level 5 of the Dungeon.
You visited 1 branch of the dungeon, and saw 5 of its levels.

You collected 269 gold pieces.

Inventory:

Hand Weapons
 a - a +0 trident (weapon)
Missiles
 d - 3 throwing nets
 e - a javelin
 t - 7 poisoned darts
Armour
 b - a +0 leather armour
 c - a +0 hat (worn)
 p - a +0 ring mail (worn)
Jewellery
 l - an amulet of faith
 o - a +6 ring of strength (left hand)
Wands
 s - a wand of flame (30) (quivered)
 v - a wand of paralysis (5)
Scrolls
 f - 8 scrolls of teleportation {unknown}
 h - 6 scrolls of identify {unknown}
 j - a scroll of silence {unknown}
 k - 2 scrolls of enchant armour {unknown}
 m - 2 scrolls of butterflies {unknown}
Potions
 g - a potion of haste {unknown}
 i - 3 potions of curing {unknown}
 n - 2 potions of heal wounds
 q - 2 potions of invisibility {unknown}
 r - 3 potions of flight {unknown}
 u - a potion of resistance {unknown}


   Skills:
 + Level 4.0 Fighting
 + Level 6.4 Polearms
 * Level 3.7 Throwing
 + Level 3.5 Armour
 + Level 4.0 Dodging


You had 5 spell levels left.
You didn't know any spells.
Your spell library contained the following spells:

 Spells                   Type           Power      Damage    Failure   Level
 Apportation              Tloc           0%         N/A       61%         1
 Sandblast                Erth           0%         2d4       61%         1
 Passwall                 Tmut/Erth      0%         N/A       75%         2
 Scorch                   Fire           0%         2d5       75%         2
 Stone Arrow              Conj/Erth      0%         3d7       93%         3
 Flame Wave               Conj/Fire      0%         2d4       100%        4
 Alistair's Intoxication  Tmut/Pois      0%         N/A       100%        5
 Summon Cactus Giant      Summ           0%         N/A       100%        6


Dungeon Overview and Level Annotations

Branches:
Dungeon (5/15)
 Temple: D:4-7

Altars:
Nemelex Xobeh

Annotations:
D:4 3 runed translucent doors, svtm's ghost, amateur MiFi


Innate Abilities, Weirdness & Mutations

You have a pair of horns on your head.
You reflexively headbutt those who attack you in melee.


Message History

You barely resist. You barely miss the orc priest.
Your headbutt misses the orc priest.
An orc wizard comes into view. It is wielding a +0 dagger.
The orc closely misses you.
The orc hits you from afar with a +0 trident.
The orc priest closely misses you.
The orc wizard shouts!
You hit the orc priest.
The orc priest is lightly wounded.
You hear a shout!
The orc barely misses you.
The orc hits you from afar with a +0 trident.
The orc priest completely misses you.
The orc priest invokes the aid of Beogh against you.
Beogh smites you! The orc attacks as you move away!
The orc completely misses you.
You puncture the orc!
You kill the orc!
The orc wizard hits you but does no damage.
You see here a +0 flail.
You closely miss the orc wizard.
The orc wizard gestures at you while chanting.
You are confused.
The orc hits you but does no damage.
You're too confused to move!
The orc wizard hits you with a +0 dagger.
The orc hits you from afar with a +0 trident.
You hit the orc wizard. Your punch misses the orc wizard.
The orc wizard is moderately wounded.
The orc wizard hits you with a +0 dagger.
The orc hits you from afar with a +0 trident.
You barely miss the orc wizard.
The orc wizard is moderately wounded.
The orc wizard hits you with a +0 dagger.
* * * LOW HITPOINT WARNING * * *
The orc hits you from afar with a +0 trident.
* * * LOW HITPOINT WARNING * * *
The orc priest mumbles some strange prayers to Beogh against you.
Beogh smites you!
You die...

#.#..........#.#.#
##.#######......#
##...##..........#
#.....#.###....<##
##...## ##....#
##.## #.......>#
#.# #.....#### #.#
# #.#.#.# #@# .#
#.#..#.
#o##..###.#.# ##
#oo)o.....#.#
#...........[.#
#.####.#.... #: .#
### # #


You could see an orc priest, an orc wizard and an orc.

Vanquished Creatures
  Duvessa (D:4)
  2 scorpions
  Dowan (D:4)
  A gnoll bouda (D:4)
  5 gnolls
  6 adders
  4 worms
  A dart slug (D:1)
  5 orcs
  8 endoplasms
  3 giant cockroaches
  8 goblins
  5 hobgoblins
  8 jackals
  5 kobolds
  3 quokkas
  10 ball pythons
  2 bats (D:1)
  A frilled lizard (D:2)
  5 rats
84 creatures vanquished.

Notes
Turn   | Place    | Note
-------+----------+-------------------------------------------
     0 | D:1      | krest the Minotaur Gladiator began the quest for the Orb.
     0 | D:1      | Reached XP level 1. HP: 18/18 MP: 0/0
    60 | D:1      | Reached skill level 4 in Polearms
   177 | D:1      | Reached XP level 2. HP: 25/25 MP: 1/1
   532 | D:1      | You fall into a shaft and drop 1 floor!
   554 | D:2      | Found a sparkling altar of Nemelex Xobeh.
   565 | D:2      | Reached XP level 3. HP: 8/30 MP: 2/2
  1300 | D:2      | Found a faded altar of an unknown god.
  1373 | D:2      | Reached skill level 1 in Armour
  1712 | D:3      | Reached XP level 4. HP: 37/37 MP: 3/3
  2389 | D:3      | Reached skill level 5 in Polearms
  2395 | D:3      | Reached XP level 5. HP: 12/45 MP: 4/4
  2793 | D:4      | Reached XP level 6. HP: 52/52 MP: 5/5
  2940 | D:4      | Noticed Duvessa
  2940 | D:4      | Noticed Dowan
  2949 | D:4      | Killed Duvessa
  2950 | D:4      | Reached skill level 6 in Polearms
  2951 | D:4      | Killed Dowan
  3050 | D:4      | Noticed svtm's ghost (amateur MiFi)
  3050 | D:4      | Noticed an ice beast
  3085 | D:4      | Found a runed translucent gate.
  3085 | D:4      | Found a runed translucent gate.
  3092 | D:4      | Found a runed translucent gate.
  3245 | D:5      | Entered Level 5 of the Dungeon
  3323 | D:5      | Killed from afar by an orc priest

Illustrated notes

Levels and vault maps discovered:
D:1:      lemuel_arrival_room, layout_loops_corners, minmay_tree_intersection,
          minivault_19
D:2:      layout_basic, basic_altar, basic_ecumenical_altar
D:3:      layout_rooms, small_statue_intersection
D:4:      layout_cave_pools, gammafunk_ghost_icy, chequers_serial_rivers_room_b,
          uniq_duvessa
D:5:      layout_loops_ring, mainiacjoe_overflow_six_doors_small

Skill      XL: |  1  2  3  4  5  6 |
---------------+-------------------+-----
Polearms       | 4 5 6 |  6.4
Armour         | 1 2 3 |  3.5
Fighting       | 3 4 |  4.0
Throwing       | 3 |  3.7
Dodging        | 4 |  4.0

Action                     |  1- 3 |  4- 6 || total
---------------------------+-------+-------++-------
  Melee: Trident           |    99 |   118 ||   217
         Headbutt          |    10 |    12 ||    22
         Punch             |       |     2 ||     2
  Throw: Dart              |       |     2 ||     2
  Evoke: Wand              |       |     2 ||     2
    Use: Potion            |       |     1 ||     1
 Armour: Leather armour    |    16 |       ||    16
         Ring mail         |       |    20 ||    20
  Dodge: Dodged            |    56 |    60 ||   116

Table legend: (Time is in decaauts)
 A = Elapsed time spent in this place.
 B = Non-inter-level travel time spent in this place.
 C = Inter-level travel time spent in this place.
 D = Time resting spent in this place.
 E = Time spent auto-exploring this place.
 F = Levels seen in this place.
 G = Mean time per level.
                   A        B        C        D        E       F      G
               +--------+--------+--------+--------+--------+-----+--------+
         Total |   3341 |   3172 |    169 |      0 |   2705 |   5 |  668.2 |
       Dungeon |   3341 |   3172 |    169 |      0 |   2705 |   5 |  668.2 |
               +--------+--------+--------+--------+--------+-----+--------+

Top non-repeatable levels by time:
     D:1: 1023 daAuts
     D:3: 800 daAuts
     D:4: 755 daAuts
     D:2: 683 daAuts
     D:5: 77 daAuts
